 Dungeon Crawl Stone Soup version 0.27.1-15-g792fb953b9 (webtiles) character file.

Game seed: 13999887508686764178

4834 ddubois the Nimble (level 10, -1/58 HPs)
             Began as a Spriggan Delver on Nov 19, 2021.
             Was a Follower of Vehumet.
             Slain by a hornet (7 damage)
             ... while paralysed by a hornet
             ... on level 8 of the Dungeon.
             The game lasted 01:00:40 (13743 turns).

ddubois the Nimble (Spriggan Delver)               Turns: 13743, Time: 01:00:41

Health: -1/58      AC:  5    Str:  8    XL:     10   Next: 25%
Magic:  11/11      EV:  4    Int: 14    God:    Vehumet [*.....]
Gold:   558        SH:  0    Dex: 18    Spells: 8/9 levels left

rFire    . . .     SeeInvis +   R - +1 short sword (elec)
rCold    . . .     Faith    .   (shield restricted)
rNeg     . . .     Spirit   .   u - +0 robe
rPois    .         Reflect  .   (helmet restricted)
rElec    .         Harm     .   C - +2 cloak
rCorr    +         Rampage  .   (gloves unavailable)
Will     +....                  (boots unavailable)
Stlth    +++++.....             i - amulet of the acrobat
HPRegen  0.19/turn              h - ring of resist corrosion
MPRegen  0.12/turn              (no ring)

@: paralysed, hasted and slowed, very quick
A: very small, no large weapons, unfitting armour, see invisible, speed 3
a: Renounce Religion


You were on level 8 of the Dungeon.
You worshipped Vehumet.
Vehumet was aware of your devotion.
You visited 2 branches of the dungeon, and saw 10 of its levels.

You collected 558 gold pieces.

Inventory:

Hand Weapons
 a - a +3 dagger of chaos
 b - a +3 trident
 e - a +2 dagger of venom
 w - a +0 hunting sling
 D - a +4 short sword of holy wrath
 R - a +1 short sword of electrocution (weapon)
Missiles
 k - 82 sling bullets
 n - 73 bolts
 r - 151 arrows
 x - 209 stones (quivered)
 y - 24 poisoned darts
 B - 8 silver boomerangs
 N - 10 boomerangs
 S - a curare-tipped dart
Armour
 p - a scarf of shadows
 u - a +0 robe (worn)
 C - a +2 cloak (worn)
Jewellery
 h - a ring of resist corrosion (left hand)
 i - an amulet of the acrobat (around neck)
 o - a ring of fire
 E - an amulet of reflection
 P - a ring of flight
Wands
 g - a wand of digging (3)
 Q - a wand of flame (16)
Scrolls
 c - 2 scrolls of fog
 d - 3 scrolls of magic mapping
 j - a scroll of enchant weapon
 q - 2 scrolls of silence {unknown}
 F - 3 scrolls of identify {unknown}
 G - a scroll of holy word {unknown}
 I - 2 scrolls of blinking {unknown}
 J - a scroll of teleportation {unknown}
 K - a scroll of acquirement {unknown}
 L - a scroll of enchant armour {unknown}
 M - 2 scrolls of fear
Potions
 f - 2 potions of haste
 l - 2 potions of magic {unknown}
 m - 2 potions of heal wounds {unknown}
 s - 2 potions of attraction {unknown}
 t - 4 potions of degeneration {unknown}
 v - 3 potions of lignification {unknown}
 z - a potion of brilliance {unknown}
 A - 6 potions of curing
 H - 2 potions of flight {unknown}
 O - a potion of resistance {unknown}


   Skills:
 + Level 9.4 Fighting
 - Level 4.0 Short Blades
 - Level 12.0 Dodging
 - Level 10.0 Stealth


You had 8 spell levels left.
You knew the following spells:

 Your Spells              Type           Power      Damage    Failure   Level
a - Shock                 Conj/Air       0%         1d3       28%         1

Your spell library contained the following spells:

 Spells                   Type           Power      Damage    Failure   Level
 Pain                     Necr           0%         1d4       28%         1
 Portal Projectile        Hex/Tloc       0%         N/A       65%         3
 Agony                    Necr           0%         N/A       100%        5
 Blade Hands              Tmut           0%         N/A       100%        5
 Excruciating Wounds      Necr           0%         N/A       100%        5
 Summon Forest            Summ/Tloc      0%         N/A       100%        5
 Eringya's Noxious Bog    Tmut/Pois      0%         N/A       100%        6
 Summon Hydra             Summ           0%         N/A       100%        7


Dungeon Overview and Level Annotations

Branches:
Dungeon (9/15)             Temple (1/1) D:7            Lair (0/6) D:8
    Orc: D:9-12

Altars:
Ashenzari
Cheibriados
Dithmenos
Elyvilon
Fedhas
Gozag
Hepliaklqana
Makhleb
Nemelex Xobeh
Okawaru
Qazlal
Sif Muna
Trog
Uskayaw
Vehumet
Wu Jian
Xom
Yredelemnul
Zin
The Shining One

Shops:
D:2 [

Annotations:
D:7 2 transporters, exclusion: oklob plant, VictoriousLee's ghost, novice FoEE


Innate Abilities, Weirdness & Mutations

You are very small and have problems with some larger weapons.
You are too small for most types of armour.
You have supernaturally acute eyesight. (SInv)
You cover ground extremely quickly. (Speed+++)


Message History

The hornet misses you.
There is an open door here.
You hit the hornet but do no damage. You hit the hornet but do no damage.
The hornet stings you.
You feel yourself slow down. The hornet closely misses you.
You hit the hornet but do no damage. You drain the hornet.
The hornet is lightly wounded.
The hornet stings you.
You feel as though you will be slow longer.
You hear the crackle of electricity.
R - a +1 short sword of electrocution (weapon)
The hornet barely misses you.
You completely miss the hornet.
The hornet is lightly wounded.
The hornet misses you. x2; The hornet stings you.
You suddenly lose the ability to move!
The hornet stings you.
You shrug off the repeated paralysis!
You feel yourself speed up. The hornet stings you!
You feel yourself slow down. The hornet stings you!
You feel as though you will be slow longer.
You can move again.
Unknown command.
Unknown command.
Unknown command.
You feel better. The hornet closely misses you. The hornet misses you.
You feel yourself speed up. The hornet stings you!
You feel as though you will be slow longer.
The hornet closely misses you.
You hit the hornet but do no damage. Lightning courses through the hornet!
The hornet is moderately wounded.
The hornet completely misses you.
You hit the hornet.
The hornet is heavily wounded.
The hornet stings you!
* * * LOW HITPOINT WARNING * * *
You suddenly lose the ability to move!
The hornet stings you.
* * * LOW HITPOINT WARNING * * *
You feel as though you will be slow longer.
The hornet stings you!
You die...

###### ########## #....# ######
....##...# #....# #....#
....##...# #....# #.##.#
....##...###...y##########)##.#
....''.....+....@...[.....>...#
....##....##....##########.####
....#####.##....# #.##.# ....#
#y##....# #....# ....#
##'##....# ####.### ....#
#...[##### #.[.. ##### #....#
##### .# #....# .##
#[...###########


You could see a hornet (drained).

Vanquished Creatures
  Harold (D:8)
  Psyche (D:8)
  A wraith (D:7)
  A wyvern (D:7)
  A yak (D:8)
  Grum (D:8)
  3 ice beasts
  A sky beast (D:7)
  3 black bears
  A hornet zombie (D:7)
  2 necrophages
  3 wolves
  4 centaurs
  A kobold brigand (D:8)
  5 bullfrogs
  A gnoll sergeant (D:9)
  A wyvern zombie (D:6)
  3 scorpions
  4 wights
  A howler monkey (D:5)
  5 centaur zombies
  A jelly (D:7)
  Crazy Yiuf (D:2)
  An orc priest (D:8)
  A centaur skeleton (D:6)
  2 hounds
  Natasha (thrice) (D:2)
  An iguana (D:5)
  5 orc wizards
  A hound skeleton (D:5)
  A howler monkey zombie (D:9)
  Robin (D:2)
  6 gnolls
  7 adders
  2 white imps
  An ufetubus (D:7)
  An adder skeleton (D:4)
  3 worms (D:3)
  26 orcs
  6 ball pythons
  5 endoplasms
  3 giant cockroaches
  10 hobgoblins
  4 jackals (D:1)
  16 kobolds
  3 quokkas
  3 bats (D:1)
  16 goblins
  4 rats
178 creatures vanquished.

Vanquished Creatures (others)
  16 fungi
  18 plants
34 creatures vanquished.

Grand Total: 212 creatures vanquished

Notes
Turn   | Place    | Note
-------+----------+-------------------------------------------
     0 | D:5      | ddubois the Spriggan Delver began the quest for the Orb.
     0 | D:5      | Reached XP level 1. HP: 11/11 MP: 2/2
     2 | D:5      | Noticed an iguana
     9 | D:5      | Killed an iguana
    10 | D:5      | Reached XP level 2. HP: 16/16 MP: 3/3
    10 | D:5      | Noticed a howler monkey
    39 | D:5      | Noticed an ice beast
    54 | D:5      | Noticed a necrophage
    55 | D:5      | Noticed a centaur
   355 | D:2      | Reached XP level 3. HP: 19/19 MP: 4/4
  1442 | D:1      | Reached XP level 4. HP: 23/23 MP: 5/5
  1889 | D:2      | Noticed Natasha
  1896 | D:2      | Killed Natasha
  1901 | D:2      | Noticed Natasha
  1978 | D:2      | Noticed Robin
  2615 | D:2      | Killed Robin
  2766 | D:2      | Found a runed translucent door.
  2767 | D:2      | Noticed Crazy Yiuf
  2774 | D:2      | Killed Crazy Yiuf
  2775 | D:2      | Reached XP level 5. HP: 28/28 MP: 6/6
  3017 | D:2      | Found Iner's Antique Armour Shop.
  3119 | D:2      | Killed Natasha
  3340 | D:2      | Noticed Natasha
  3349 | D:2      | Killed Natasha
  3495 | D:2      | Found a faded altar of an unknown god.
  4022 | D:3      | Reached skill level 3 in Dodging
  4323 | D:3      | Reached XP level 6. HP: 18/32 MP: 7/7
  5792 | D:5      | Reached skill level 4 in Dodging
  5792 | D:5      | Reached skill level 10 in Stealth
  6209 | D:5      | Reached XP level 7. HP: 34/37 MP: 8/8
  6221 | D:5      | Identified the +3 chain mail "Vatul" {rC+ Int+3 Slay-4}
  6304 | D:5      | Reached skill level 5 in Dodging
  6605 | D:5      | Reached skill level 6 in Dodging
  6908 | D:6      | Reached skill level 5 in Fighting
  7079 | D:6      | Found a hide-covered altar of Uskayaw.
  7132 | D:6      | Reached XP level 8. HP: 30/43 MP: 9/9
  7232 | D:6      | Reached skill level 7 in Dodging
  7850 | D:7      | Reached skill level 8 in Dodging
  7852 | D:7      | Noticed an oklob plant
  7997 | D:7      | Found a staircase to the Ecumenical Temple.
  8009 | D:7      | Found an opulent altar of Gozag.
  8020 | Temple   | Entered the Ecumenical Temple
  8099 | Temple   | Became a worshipper of Vehumet
  8458 | D:7      | Found a transporter.
  8458 | D:7      | Found a transporter.
  8715 | D:7      | Reached skill level 9 in Dodging
  8911 | D:7      | Noticed VictoriousLee's ghost (novice FoEE)
  9500 | D:7      | Found an opulent altar of Gozag.
  9727 | D:7      | Found a staircase to the Ecumenical Temple.
  9816 | D:7      | Found a transporter.
  9818 | D:7      | Found a transporter.
  9983 | D:7      | Reached XP level 9. HP: 44/49 MP: 10/10
 10087 | D:8      | Noticed Psyche
 10519 | D:8      | Reached skill level 10 in Dodging
 10949 | D:8      | Noticed Harold
 11000 | D:8      | Killed Harold
 11001 | D:8      | Reached skill level 11 in Dodging
 11366 | D:8      | Found a staircase to the Lair.
 11421 | D:8      | Reached * piety under Vehumet
 11421 | D:8      | Offered knowledge of Shock by Vehumet.
 11427 | D:8      | Learned a level 1 spell: Shock
 11616 | D:8      | Killed Psyche
 11617 | D:8      | Reached skill level 12 in Dodging
 11687 | D:8      | Reached XP level 10. HP: 57/57 MP: 11/11
 11871 | D:8      | Noticed Grum
 11891 | D:9      | Noticed a two-headed ogre
 12148 | D:8      | Killed Grum
 13736 | D:8      | Paralysed by a hornet for 3 turns
 13742 | D:8      | Paralysed by a hornet for 2 turns
 13743 | D:8      | Slain by a hornet

Illustrated notes

Levels and vault maps discovered:
D:1:      minmay_arrival_plants_in_alcoves, layout_basic,
          minmay_misc_feat_diagonals
D:2:      layout_basic, shapermc_ecumenical_altar_ellora, serial_shops,
          nicolae_shop_crystal, uniq_crazy_yiuf_cottage, uniq_natasha,
          uniq_robin
D:3:      layout_basic
D:4:      layout_cave_pools, minmay_goblin_kobold_house
D:5:      layout_cave_pools, small_statue_intersection, dk_noncrumbling_4,
          hangedman_decor_points
D:6:      layout_basic, lemuel_tele_altar, kennysheep_generic_room_5
D:7:      layout_loops_ring, grunt_gozag_statues,
          minmay_temple_entry_purple_smoke, nzn_ghost_randoct
D:8:      layout_basic, grunt_lair_entry_orc_guard_hut, uniq_grum, uniq_harold,
          uniq_psyche
D:9:      layout_roguey, erik_orc_1
Temple:   dpeg_five_rooms_temple

Skill      XL: |  1  2  3  4  5  6  7  8  9 10 |
---------------+-------------------------------+-----
Stealth        | 8 9 10 | 10.0
Short Blades   | 3 4 |  4.0
Fighting       | 3 4 5 6 8 9 |  9.4
Dodging        | 3 4 6 9 12 | 12.0

Action                   |  1- 3 |  4- 6 |  7- 9 | 10-12 || total
-------------------------+-------+-------+-------+-------++-------
Melee: Short sword       |    69 |   236 |       |     3 ||   308
       Dagger            |       |    16 |   254 |   154 ||   424
       Trident           |       |    10 |   155 |     4 ||   169
 Fire: Hunting sling     |       |       |     9 |       ||     9
Throw: Dart              |       |    83 |    22 |       ||   105
       Stone             |       |       |     3 |     2 ||     5
       Throwing net      |       |       |     1 |       ||     1
Evoke: Wand              |       |       |     2 |       ||     2
  Use: Scroll            |       |       |     4 |       ||     4
       Potion            |       |       |       |     2 ||     2
 Stab: Sleeping          |     8 |    21 |     6 |     2 ||    37
       Distracted        |       |     3 |     4 |     1 ||     8
       Held in net/web   |       |       |     2 |       ||     2
Armor: Robe              |     9 |    36 |    49 |    11 ||   105
Dodge: Dodged            |    61 |   173 |   326 |   228 ||   788
